[Event "Saturday Night Engine Tour 7 Rd Swiss 12m+1s Starts at 2200hrs ST"]
[Site "Infinity Chess"]
[Date "2018.1.6"]
[Round "2"]
[White "OlivierEvan"]
[Black "Dovahkiin"]
[Result "1/2-1/2"]
[ECO "C11"]
[WhiteElo "2364"]
[BlackElo "2375"]
[WhiteEngine "Houdini 6"]
[BlackEngine "BrainFish_180106_x64_modern_CTG"]
[EventType "Swiss"]
[WhiteTeam ""]
[BlackTeam ""]
[PlyCount "110"]
[TimeControl "720+1"]

1. e4 e6 2. d4 d5 3. Nc3 Nf6 4. e5 Nfd7 5. f4 c5 6. Nf3 Nc6 7. Be3 cxd4 
8. Nxd4 Qb6 9. Qd2 Qxb2 10. Rb1 Qa3 11. Bb5 Nxd4 12. Bxd4 a6 13. Bxd7+ Bxd7 
14. Rb3 Qe7 15. Rxb7 Rc8 16. O-O Qd8 17. Qf2 Rxc3 18. Bxc3 Qc8 19. Rb3 Ba4 
20. Bd4 Bxb3 21. axb3 Be7 22. c3 O-O 23. Ra1 Qc6 24. b4 Bd8 25. Bc5 Re8 
26. Kh1 Bc7 27. Qa2 a5 28. Qa4 Qxa4 29. Rxa4 axb4 30. cxb4 f6 31. Ra7 Bb8 
32. Ra8 Kf7 33. exf6 gxf6 34. g3 e5 35. f5 d4 36. Kg2 d3 37. Ra1 e4 38. Kf2 Kg7 
39. Ke3 Kh6 40. b5 Re5 41. Bd4 Rxb5 42. Bxf6 Rxf5 43. Bc3 Rc5 44. Bd4 Rc2 
45. Kxe4 Rxh2 46. Be3+ Kg6 47. Kxd3 Kf5 48. Ra5+ Kg4 49. Ke4 Kxg3 50. Rg5+ Kh4 
51. Rg1 h5 52. Bf4 Bxf4 53. Kxf4 Rf2+ 54. Ke4 Kh3 55. Rh1+ Kg2 1/2-1/2

[Event "Saturday Night Engine Tour 7 Rd Swiss 12m+1s Starts at 2200hrs ST"]
[Site "Infinity Chess"]
[Date "2018.1.6"]
[Round "2"]
[White "Coco69"]
[Black "neófito"]
[Result "1-0 "]
[ECO "C00"]
[WhiteElo "2422"]
[BlackElo "2420"]
[WhiteEngine "asmFishW_2017-11-19_popcnt_CTG"]
[BlackEngine "BrainFish_180106_x64_bmi2_CTG"]
[EventType "Swiss"]
[WhiteTeam ""]
[BlackTeam ""]
[PlyCount "178"]
[TimeControl "720+1"]

1. e4 e6 2. d4 e5 3. dxe5 Nc6 4. Nf3 d6 5. Bb5 Bd7 6. Bxc6 Bxc6 7. Nc3 dxe5 
8. Qxd8+ Rxd8 9. Nxe5 Bd7 10. Nxd7 Rxd7 11. Ke2 Bb4 12. Nd5 Bd6 13. Be3 Ne7 
14. Rad1 f6 15. f4 Kf7 16. Nc3 Re8 17. Rd3 Rdd8 18. a3 Nc6 19. Rhd1 h5 
20. Rf1 a6 21. b4 h4 22. g3 Re6 23. gxh4 Rh8 24. e5 Be7 25. Rd7 Rc8 
26. exf6 Rxf6 27. Rfd1 Nb8 28. Rxe7+ Kxe7 29. Nd5+ Ke6 30. Nxf6 gxf6 31. Rg1 Kf7 
32. Kf3 Nc6 33. Rd1 Ke6 34. Rg1 Kf7 35. Rd1 Ke6 36. Bc5 Rh8 37. Kg4 Rg8+ 
38. Kh3 Nd8 39. Be3 Nc6 40. Rg1 Re8 41. Bc5 Kf5 42. Rg7 Nd8 43. Rxc7 Re2 
44. Bd6 Ne6 45. Rxb7 Nd4 46. Rg7 Rxc2 47. Rc7 Ra2 48. Rc3 Ne6 49. Bb8 Rd2 
50. Kg3 Nd4 51. Rc5+ Ke4 52. Rc4 Kf5 53. a4 Kg6 54. Rc5 Rd3+ 55. Kf2 Rf3+ 
56. Kg2 Ra3 57. h5+ Kh6 58. Rd5 Nc2 59. Ra5 Rb3 60. Bd6 Nxb4 61. Be7 Kg7 
62. Rf5 Nc2 63. Bxf6+ Kh6 64. Kf2 Ne3 65. Rg5 Nc4 66. Be7 Rb7 67. Bf8+ Kh7 
68. Kf3 Rf7 69. Bc5 Rd7 70. f5 Rd5 71. Bf8 Nd2+ 72. Kf4 Rd4+ 73. Ke3 Rd8 
74. Be7 Rd5 75. Bb4 Nb3 76. h4 Nd4 77. Ke4 Rd7 78. f6 Nc6 79. Bc3 Kh6 
80. Kf5 Nd8 81. Rg8 Nf7 82. Ke6 Rc7 83. Be5 Rb7 84. Rg7 Rb6+ 85. Kxf7 Kxh5 
86. Kg8 Rc6 87. f7 Rc8+ 88. f8=R+ Rxf8+ 89. Kxf8 Kxh4 1-0

[Event "Saturday Night Engine Tour 7 Rd Swiss 12m+1s Starts at 2200hrs ST"]
[Site "Infinity Chess"]
[Date "2018.1.6"]
[Round "2"]
[White "KillBill2017"]
[Black "MarioDeMonti"]
[Result "1/2-1/2"]
[ECO "B90"]
[WhiteElo "2424"]
[BlackElo "2438"]
[WhiteEngine "Raubfisch ME262_GTZ16b1_CTG"]
[BlackEngine "stockfish_x64_bmi2_2017_12_26_CTG"]
[EventType "Swiss"]
[WhiteTeam ""]
[BlackTeam ""]
[PlyCount "80"]
[TimeControl "720+1"]

1. e4 c5 2. Nf3 d6 3. d4 cxd4 4. Nxd4 Nf6 5. Nc3 a6 6. Be3 e5 7. Nb3 Be6 
8. Be2 Be7 9. O-O O-O 10. Qd3 Nbd7 11. Nd5 Bxd5 12. exd5 b6 13. c3 Ne8 
14. f4 Nef6 15. Rad1 b5 16. g4 Nb6 17. fxe5 Nfxd5 18. Kh1 Nxe3 19. Qxe3 Rc8 
20. e6 fxe6 21. Qxe6+ Kh8 22. Rxf8+ Bxf8 23. Bf3 g6 24. Nd4 Bg7 25. Bb7 Rc7 
26. Qe4 Rf7 27. Bxa6 Qh4 28. Bxb5 Be5 29. Rd2 Rf4 30. Qe3 Nd5 31. Nf3 Qf6 
32. Qd3 Nb4 33. cxb4 Rxf3 34. Qe2 Qf4 35. Qg2 Qe3 36. Rc2 Qe1+ 37. Qg1 Qe4 
38. Qg2 Qe1+ 39. Qg1 Qe4 40. Qg2 Qe1+ 1/2-1/2

[Event "Saturday Night Engine Tour 7 Rd Swiss 12m+1s Starts at 2200hrs ST"]
[Site "Infinity Chess"]
[Date "2018.1.6"]
[Round "2"]
[White "KULLANI"]
[Black "Thinker"]
[Result "1/2-1/2"]
[ECO "C50"]
[WhiteElo "2444"]
[BlackElo "2442"]
[WhiteEngine "Raubfisch ME262_GTZ16b1._CTG"]
[BlackEngine "BrainFish_180106_x64_modern_CTG"]
[EventType "Swiss"]
[WhiteTeam ""]
[BlackTeam ""]
[PlyCount "113"]
[TimeControl "720+1"]

1. e4 e5 2. Nf3 Nc6 3. Bc4 Bc5 4. O-O Nf6 5. d3 d6 6. c3 O-O 7. Nbd2 a6 
8. a4 Ba7 9. h3 Ne7 10. Re1 Ng6 11. d4 c6 12. b4 Re8 13. Bd3 Be6 14. a5 Nh5 
15. Nb3 Nhf4 16. Bf1 Qf6 17. Rb1 exd4 18. cxd4 Qd8 19. Qc2 Qd7 20. Bd2 h6 
21. Kh2 Re7 22. Be3 d5 23. Bxf4 Nxf4 24. Nc5 Bxc5 25. dxc5 Rae8 26. Nd4 dxe4 
27. Rxe4 Nd5 28. Re2 Qc7+ 29. g3 Bc8 30. Qd2 Rxe2 31. Bxe2 Qe5 32. Rb3 Qg5 
33. Qxg5 hxg5 34. Bf3 Rd8 35. Bxd5 Rxd5 36. Rd3 Be6 37. Kg2 Kh7 38. h4 gxh4 
39. gxh4 Bf5 40. Rd1 Kg6 41. f3 Kf6 42. Kf2 Bg6 43. Ke3 Rh5 44. Rh1 Rd5 
45. Rh2 Rd8 46. Rh1 Rh8 47. Kf4 Rd8 48. Ke3 Ke5 49. Rd1 Kf6 50. Kf4 Bh5 
51. Rd2 Rd5 52. Ke4 Bg6+ 53. Ke3 Bh5 54. Kf4 Bg6 55. Ke3 Re5+ 56. Kf2 Rd5 
57. Ke3 1/2-1/2

[Event "Saturday Night Engine Tour 7 Rd Swiss 12m+1s Starts at 2200hrs ST"]
[Site "Infinity Chess"]
[Date "2018.1.6"]
[Round "2"]
[White "MrScience"]
[Black "Vimtiroba"]
[Result "1/2-1/2 "]
[ECO "D30"]
[WhiteElo "2474"]
[BlackElo "2446"]
[WhiteEngine "BrainFish_x64_modern"]
[BlackEngine "SF@17 T3_CTG"]
[EventType "Swiss"]
[WhiteTeam ""]
[BlackTeam ""]
[PlyCount "121"]
[TimeControl "720+1"]

1. d4 d5 2. c4 e6 3. Nf3 Nf6 4. g3 Bb4+ 5. Bd2 Be7 6. Bg2 c6 7. b3 O-O 8. O-O b6 
9. Qc2 Nbd7 10. Rd1 Ba6 11. a4 Re8 12. e3 Qc8 13. Bc1 c5 14. Nbd2 Bb7 
15. Bb2 cxd4 16. Nxd4 e5 17. N4f3 Bb4 18. Rac1 e4 19. Nd4 Nc5 20. cxd5 Bxd5 
21. Bf1 Qd7 22. Nc4 Bb7 23. Qb1 Nd3 24. Bxd3 exd3 25. Qxd3 Qd5 26. f3 Bc5 
27. Qf1 Bxd4 28. Rxd4 Qxf3 29. Qxf3 Bxf3 30. Rf4 Bd5 31. Bxf6 gxf6 32. Kf2 Be6 
33. Rxf6 Red8 34. e4 Rac8 35. Ke3 Rc5 36. Rff1 Rdc8 37. Rcd1 Bxc4 38. bxc4 R8c7 
39. Rd5 Rxc4 40. a5 Kg7 41. Rg5+ Kf8 42. axb6 axb6 43. Rff5 R7c6 44. Rh5 h6 
45. Rb5 Re6 46. e5 Rc2 47. Rb4 Kg7 48. h3 Rc3+ 49. Kf2 Rc2+ 50. Ke3 b5 
51. Rxb5 Rc3+ 52. Kf2 Rc2+ 53. Kf3 Rc3+ 54. Ke2 Rxg3 55. Kf2 Reg6 56. Rf5 Rxh3 
57. Rb7 Kg8 58. Rfxf7 Ra6 59. Rg7+ Kh8 60. e6 Rxe6 61. Rbf7 1/2-1/2

[Event "Saturday Night Engine Tour 7 Rd Swiss 12m+1s Starts at 2200hrs ST"]
[Site "Infinity Chess"]
[Date "2018.1.6"]
[Round "2"]
[White "CoffeeOne"]
[Black "MGR"]
[Result "1/2-1/2"]
[ECO "C11"]
[WhiteElo "2489"]
[BlackElo "2478"]
[WhiteEngine "cfish-2018-01-05"]
[BlackEngine "BrainFish_180106_x64_bmi2"]
[EventType "Swiss"]
[WhiteTeam ""]
[BlackTeam ""]
[PlyCount "123"]
[TimeControl "720+1"]

1. e4 e6 2. d4 d5 3. Nc3 Nf6 4. e5 Nfd7 5. f4 c5 6. Nf3 Nc6 7. Be3 Be7 
8. Qd2 O-O 9. dxc5 Bxc5 10. O-O-O Qa5 11. a3 Rd8 12. Nd4 Nxd4 13. Bxd4 Rb8 
14. Nb5 Qxd2+ 15. Kxd2 a6 16. Bxc5 Nxc5 17. Nd4 Bd7 18. Be2 f6 19. Rhf1 b5 
20. c3 Rdc8 21. Rc1 Kf7 22. g4 Ke7 23. h4 a5 24. Ke3 Na4 25. Rc2 h6 26. h5 Nc5 
27. Ra1 fxe5 28. fxe5 Ne4 29. Bd3 Ng5 30. Nf3 Nf7 31. Rg2 Rf8 32. g5 hxg5 
33. Rg4 Rfc8 34. Rg3 b4 35. cxb4 Be8 36. Rg4 axb4 37. a4 d4+ 38. Rxd4 Bc6 
39. a5 Bxf3 40. Kxf3 Nxe5+ 41. Ke3 Rc6 42. Be2 Rc2 43. Re4 Nd7 44. a6 Rxb2 
45. Bc4 Nc5 46. a7 Ra8 47. Bd5 Rd8 48. a8=Q Rxa8 49. Rxa8 Nxe4 50. Bxe4 Rb3+ 
51. Ke2 g4 52. Ra4 Kf6 53. Bg6 Rb2+ 54. Ke3 g3 55. Kf3 g2 56. Ra1 b3 57. Rg1 Rd2 
58. Be4 Ra2 59. Bg6 b2 60. Rxg2 b1=Q 61. Bxb1 Rxg2 62. Kxg2 1/2-1/2

[Event "Saturday Night Engine Tour 7 Rd Swiss 12m+1s Starts at 2200hrs ST"]
[Site "Infinity Chess"]
[Date "2018.1.6"]
[Round "2"]
[White "Deep_Impact"]
[Black "Victorious"]
[Result "1/2-1/2"]
[ECO "C50"]
[WhiteElo "2504"]
[BlackElo "2509"]
[WhiteEngine "BrainFish_171226_x64_modern"]
[BlackEngine "Houdini 6"]
[EventType "Swiss"]
[WhiteTeam ""]
[BlackTeam ""]
[PlyCount "119"]
[TimeControl "720+1"]

1. e4 e5 2. Nf3 Nc6 3. Bc4 Bc5 4. O-O Nf6 5. d3 d6 6. c3 O-O 7. Bg5 h6 8. Bh4 g5 
9. Bg3 a6 10. a4 Ba7 11. Nbd2 Nh7 12. h3 h5 13. Kh1 Kh8 14. b4 h4 15. Bh2 g4 
16. hxg4 Bxg4 17. b5 Na5 18. Ba2 Qf6 19. d4 Rae8 20. Qb1 Qh6 21. Qd3 f5 
22. exf5 Bxf5 23. Qe3 Qh5 24. Nxe5 Nf6 25. Nf7+ Rxf7 26. Bxf7 Qxf7 27. Qh6+ Kg8 
28. Qxh4 Rf8 29. Rae1 Qh7 30. Qxh7+ Bxh7 31. Re3 Re8 32. Rxe8+ Nxe8 33. Re1 Nf6 
34. Re3 Bb6 35. Bg3 d5 36. bxa6 bxa6 37. Re5 Bd3 38. Bh4 Ne4 39. Nxe4 dxe4 
40. g4 Nc4 41. Re7 Nb2 42. g5 Nxa4 43. g6 e3 44. fxe3 Bxg6 45. c4 Kf8 46. c5 Ba5 
47. Kg2 Nc3 48. Kf3 c6 49. Rb7 Bh5+ 50. Kf4 Nd5+ 51. Kg5 Bf3 52. Kf5 Bd2 
53. e4 Ne3+ 54. Kf4 Bg2 55. Bf6 Kg8 56. Be5 Nd5+ 57. Kf5 Ne3+ 58. Kf4 Nc4+ 
59. Kf5 Ne3+ 60. Kf4 1/2-1/2

[Event "Saturday Night Engine Tour 7 Rd Swiss 12m+1s Starts at 2200hrs ST"]
[Site "Infinity Chess"]
[Date "2018.1.6"]
[Round "2"]
[White "Satria_Ungu"]
[Black "SkyPilot"]
[Result "1/2-1/2"]
[ECO "A06"]
[WhiteElo "2442"]
[BlackElo "2482"]
[WhiteEngine "Houdini 6"]
[BlackEngine "stockfish_x64_bmi2_2018_01_01_CTG"]
[EventType "Swiss"]
[WhiteTeam ""]
[BlackTeam ""]
[PlyCount "148"]
[TimeControl "720+1"]

1. Nf3 d5 2. d4 Nf6 3. e3 c5 4. c4 e6 5. Nc3 Nc6 6. a3 a6 7. dxc5 Bxc5 8. b4 Ba7 
9. Bb2 O-O 10. h3 h6 11. Rc1 Re8 12. Be2 dxc4 13. Bxc4 Qxd1+ 14. Kxd1 Rd8+ 
15. Ke2 Ne7 16. Rhd1 Bd7 17. g4 Kf8 18. Bb3 Rac8 19. Ne5 Be8 20. Rxd8 Rxd8 
21. Ba4 b5 22. Bb3 Rc8 23. Nd3 Bb6 24. f3 Bc6 25. Ne5 Be8 26. Kf2 a5 
27. bxa5 Bxa5 28. Nd3 Bb6 29. Ke2 Ra8 30. Nb4 Bd8 31. Nd1 Nd7 32. Nf2 Nc8 
33. Ne4 Nf6 34. Nc5 Nb6 35. Ncd3 Be7 36. e4 Nfd7 37. Rc7 Nc4 38. Bxc4 bxc4 
39. Rxc4 Nb6 40. Rc7 Bd6 41. Rb7 Nc4 42. Nc2 Rc8 43. Ba1 Na5 44. Rb2 Rc3 
45. Ra2 Rc8 46. Nd4 Ba4 47. h4 g6 48. Rb2 Nc4 49. Rb7 Nxa3 50. Ra7 Be8 
51. Bb2 Nc4 52. Bc1 h5 53. gxh5 gxh5 54. Bg5 Bc7 55. Rb7 Bd6 56. Ra7 Bc7 
57. Rb7 Bd8 58. Bxd8 Rxd8 59. Nc2 Nd6 60. Rb4 Bb5 61. Nd4 Bxd3+ 62. Kxd3 Ra8 
63. Ne2 Ra3+ 64. Nc3 e5 65. Ra4 Rxa4 66. Nxa4 f6 67. Nb6 Kg7 68. Nd5 f5 
69. exf5 Nxf5 70. f4 e4+ 71. Kxe4 Nxh4 72. Kd4 Nf5+ 73. Ke4 Ng3+ 74. Ke3 Kf7 
1/2-1/2

[Event "Saturday Night Engine Tour 7 Rd Swiss 12m+1s Starts at 2200hrs ST"]
[Site "Infinity Chess"]
[Date "2018.1.6"]
[Round "1"]
[White "Thinker"]
[Black "OlivierEvan"]
[Result "1/2-1/2"]
[ECO "B33"]
[WhiteElo "2445"]
[BlackElo "2361"]
[WhiteEngine "BrainFish_180106_x64_modern_CTG"]
[BlackEngine "Houdini 6"]
[EventType "Swiss"]
[WhiteTeam ""]
[BlackTeam ""]
[PlyCount "78"]
[TimeControl "720+1"]

1. e4 c5 2. Nf3 e6 3. d4 cxd4 4. Nxd4 Nc6 5. Nc3 Qc7 6. Be3 a6 7. Be2 Nf6 
8. O-O Bb4 9. Na4 Be7 10. Nxc6 bxc6 11. Nb6 Rb8 12. Nxc8 Qxc8 13. e5 Nd5 
14. Bc1 Bc5 15. Qd3 Qc7 16. Qe4 O-O 17. Bxa6 f6 18. exf6 Nxf6 19. Qe2 Rf7 
20. c3 Rbf8 21. Kh1 e5 22. a4 d5 23. a5 Qa7 24. Bd3 e4 25. Bc2 h5 26. f3 Ng4 
27. Bg5 Qd7 28. Bh4 Ba7 29. fxe4 Bf2 30. Bg5 Ba7 31. Rxf7 Rxf7 32. Bh4 g5 
33. e5 gxh4 34. e6 Qxe6 35. Qxe6 Nf2+ 36. Kg1 Ng4+ 37. Kh1 Nf2+ 38. Kg1 Ne4+ 
39. Kh1 Nf2+ 1/2-1/2

[Event "Saturday Night Engine Tour 7 Rd Swiss 12m+1s Starts at 2200hrs ST"]
[Site "Infinity Chess"]
[Date "2018.1.6"]
[Round "1"]
[White "Dovahkiin"]
[Black "Vimtiroba"]
[Result "1/2-1/2"]
[ECO ""]
[WhiteElo "2372"]
[BlackElo "2449"]
[WhiteEngine "BrainFish_180106_x64_modern_CTG"]
[BlackEngine "SF@17 T3_CTG"]
[EventType "Swiss"]
[WhiteTeam ""]
[BlackTeam ""]
[PlyCount "127"]
[TimeControl "720+1"]

1. e3 c5 2. d3 Nf6 3. d4 d5 4. Nf3 e6 5. Be2 b6 6. c4 Bd6 7. O-O O-O 8. Nc3 Bb7 
9. cxd5 exd5 10. b3 Nbd7 11. Bb2 Qe7 12. Rc1 Rac8 13. Re1 a6 14. Bf1 Rfe8 
15. g3 Qf8 16. Bh3 Qe7 17. a4 h6 18. Re2 Rc7 19. Ba3 Rd8 20. Rec2 Rcc8 
21. Ne2 c4 22. Bxd6 Qxd6 23. Nc3 Rc7 24. Qe1 Rc6 25. bxc4 Rxc4 26. Qd1 Rc6 
27. Bf5 g6 28. Bd3 Rdc8 29. Ne2 Ne4 30. Kg2 Rc4 31. Rb1 Qf6 32. h3 Qe6 
33. Ra2 a5 34. Raa1 g5 35. Rb2 Re8 36. Bxe4 dxe4 37. Ne5 Nxe5 38. dxe5 Bc8 
39. g4 h5 40. Nd4 Qxe5 41. Rxb6 hxg4 42. hxg4 Rd8 43. Rb5 Qf6 44. Qe2 Rcxd4 
45. exd4 Ba6 46. Qe3 Bxb5 47. axb5 Qf4 48. Qh3 Qf6 49. Rxa5 Qb6 50. Ra4 Qxb5 
51. Ra7 Qd5 52. Qe3 Kf8 53. Rc7 Qd6 54. Rc4 Qf4 55. Qxf4 gxf4 56. d5 e3 
57. f3 Rxd5 58. Rxf4 e2 59. Kf2 Kg7 60. Kxe2 f6 61. Rf5 Rxf5 62. gxf5 Kf7 
63. Kf1 Kg8 64. Ke2 1/2-1/2

[Event "Saturday Night Engine Tour 7 Rd Swiss 12m+1s Starts at 2200hrs ST"]
[Site "Infinity Chess"]
[Date "2018.1.6"]
[Round "1"]
[White "SkyPilot"]
[Black "koalachess"]
[Result "1-0 "]
[ECO "C11"]
[WhiteElo "2469"]
[BlackElo "2400"]
[WhiteEngine "stockfish_x64_bmi2_2018_01_01_CTG"]
[BlackEngine "stockfish_8_x64_CTG"]
[EventType "Swiss"]
[WhiteTeam ""]
[BlackTeam ""]
[PlyCount "138"]
[TimeControl "720+1"]

1. e4 e6 2. d4 d5 3. Nc3 Nf6 4. e5 Nfd7 5. f4 c5 6. Nf3 Nc6 7. Be3 Qb6 
8. Na4 Qa5+ 9. c3 c4 10. b4 Qc7 11. Be2 b5 12. Nc5 Nxc5 13. bxc5 Rb8 14. a3 a5 
15. Bd2 b4 16. axb4 axb4 17. cxb4 Nxb4 18. Bc3 Nc6 19. h4 Be7 20. h5 O-O 
21. Qd2 f6 22. exf6 gxf6 23. Bd1 Rf7 24. Bc2 Rg7 25. h6 Rg4 26. g3 Kh8 
27. Rg1 Bd7 28. Kf1 Qc8 29. Qe3 Ra8 30. Kf2 Rxa1 31. Rxa1 Rg8 32. Ba4 Nd8 
33. Bxd7 Qxd7 34. Ra6 Re8 35. Ne5 Qc8 36. Rb6 Rf8 37. c6 Qc7 38. Nd7 Re8 
39. Bd2 Rg8 40. Bb4 Bxb4 41. Rxb4 Qd6 42. Rb8 Nxc6 43. Rxg8+ Kxg8 44. Nxf6+ Kh8 
45. f5 Qf8 46. Qxe6 Nd8 47. Qd7 Nf7 48. Kg2 c3 49. g4 c2 50. Qc7 c1=R 
51. Qxc1 Qb8 52. Qa3 Qd6 53. Qxd6 Nxd6 54. Nxd5 Nf7 55. Kg3 Nxh6 56. Ne7 Kg7 
57. g5 Nf7 58. f6+ Kf8 59. g6 hxg6 60. Nxg6+ Ke8 61. Kf4 Nd6 62. Ke5 Nb7 
63. Kf5 Nd6+ 64. Ke6 Nf7 65. Ne5 Nd8+ 66. Kd6 Kf8 67. d5 Ke8 68. Kc7 Nf7 
69. Nxf7 Kxf7 1-0

[Event "Saturday Night Engine Tour 7 Rd Swiss 12m+1s Starts at 2200hrs ST"]
[Site "Infinity Chess"]
[Date "2018.1.6"]
[Round "1"]
[White "neófito"]
[Black "MrScience"]
[Result "1/2-1/2"]
[ECO "D30"]
[WhiteElo "2418"]
[BlackElo "2476"]
[WhiteEngine "BrainFish_180106_x64_bmi2_CTG"]
[BlackEngine "BrainFish_x64_modern"]
[EventType "Swiss"]
[WhiteTeam ""]
[BlackTeam ""]
[PlyCount "51"]
[TimeControl "720+1"]

1. d4 d5 2. c4 e6 3. Nf3 Nf6 4. Nc3 dxc4 5. e4 Bb4 6. Bg5 c5 7. Bxc4 cxd4 
8. Nxd4 Bxc3+ 9. bxc3 Qa5 10. Bxf6 Qxc3+ 11. Kf1 gxf6 12. Rc1 Qa5 13. g3 Bd7 
14. Kg2 O-O 15. Rb1 Qc5 16. Qg4+ Kh8 17. Nf3 e5 18. Qh4 Qxc4 19. Qxf6+ Kg8 
20. Qg5+ Kh8 21. Qh6 Rg8 22. Qf6+ Rg7 23. Qd8+ Rg8 24. Qf6+ Rg7 25. Qd8+ Rg8 
26. Qf6+ 1/2-1/2

[Event "Saturday Night Engine Tour 7 Rd Swiss 12m+1s Starts at 2200hrs ST"]
[Site "Infinity Chess"]
[Date "2018.1.6"]
[Round "1"]
[White "MGR"]
[Black "Coco69"]
[Result "1/2-1/2"]
[ECO "D31"]
[WhiteElo "2480"]
[BlackElo "2420"]
[WhiteEngine "BrainFish_180106_x64_bmi2"]
[BlackEngine "asmFishW_2017-11-19_popcnt_CTG"]
[EventType "Swiss"]
[WhiteTeam ""]
[BlackTeam ""]
[PlyCount "68"]
[TimeControl "720+1"]

1. d4 d5 2. c4 e6 3. Nc3 c6 4. e4 dxe4 5. Nxe4 Bb4+ 6. Nc3 e5 7. a3 Bxc3+ 
8. bxc3 Qa5 9. Bd2 Nf6 10. Nf3 Nbd7 11. h3 O-O 12. Qc2 b6 13. Be2 Re8 
14. O-O exd4 15. Rfe1 dxc3 16. Bxc3 Qh5 17. Nd4 Qg5 18. Rad1 Ne5 19. Bd2 Qg6 
20. Qxg6 hxg6 21. f4 Ned7 22. Nxc6 Bb7 23. Bf3 Nc5 24. Ne7+ Kf8 25. Bxb7 Nxb7 
26. Nc6 Kg8 27. Bc3 Ne4 28. Bb4 a5 29. Ne7+ Kf8 30. Nxg6+ Kg8 31. Ne7+ Kf8 
32. Ng6+ Kg8 33. Be7 Ned6 34. Bxd6 Rxe1+ 1/2-1/2

[Event "Saturday Night Engine Tour 7 Rd Swiss 12m+1s Starts at 2200hrs ST"]
[Site "Infinity Chess"]
[Date "2018.1.6"]
[Round "1"]
[White "KillBill2017"]
[Black "CoffeeOne"]
[Result "1/2-1/2"]
[ECO "D02"]
[WhiteElo "2421"]
[BlackElo "2492"]
[WhiteEngine "Raubfisch ME262_GTZ16b1_CTG"]
[BlackEngine "cfish-2018-01-05"]
[EventType "Swiss"]
[WhiteTeam ""]
[BlackTeam ""]
[PlyCount "118"]
[TimeControl "720+1"]

1. d4 d5 2. Nf3 Nf6 3. c4 e6 4. Nc3 c6 5. Bg5 h6 6. Bxf6 Qxf6 7. e3 g6 
8. Be2 Qe7 9. Qc2 Nd7 10. Rc1 dxc4 11. O-O Bg7 12. Bxc4 O-O 13. Rfd1 b6 
14. Bd3 Bb7 15. Qe2 a6 16. h4 Rfc8 17. h5 gxh5 18. Ne5 Nxe5 19. dxe5 Bxe5 
20. Qxh5 Bg7 21. Na4 Qc7 22. Qh2 Qxh2+ 23. Kxh2 Be5+ 24. Kh3 Bc7 25. Be4 Rd8 
26. Rxd8+ Bxd8 27. Rd1 a5 28. Rd7 Rb8 29. b3 Ba6 30. Bxc6 Bf6 31. Bf3 Kf8 
32. g3 Bb5 33. Ra7 Bd3 34. Kg2 Bb5 35. Bh5 Bc6+ 36. Bf3 Be8 37. Rc7 Be5 
38. Ra7 Bb5 39. Be4 Bd6 40. Nc3 Be8 41. Na4 Bb5 42. Bf3 Be5 43. Be4 Bf6 
44. g4 Be7 45. Nc3 Be8 46. Ne2 Rd8 47. Nd4 Bc5 48. Nf3 Rd1 49. a4 Ra1 
50. Ra8 Ke7 51. Ra7+ Kf8 52. Ne5 Ra3 53. Bc6 Bxc6+ 54. Nxc6 Rxb3 55. Ne5 Be7 
56. Ra8+ Kg7 57. Ra7 Kf8 58. Nd7+ Ke8 59. Ne5 Kf8 1/2-1/2

[Event "Saturday Night Engine Tour 7 Rd Swiss 12m+1s Starts at 2200hrs ST"]
[Site "Infinity Chess"]
[Date "2018.1.6"]
[Round "1"]
[White "Gilgamesch"]
[Black "Satria_Ungu"]
[Result "0-1 "]
[ECO "C58"]
[WhiteElo "2497"]
[BlackElo "2423"]
[WhiteEngine "BrainFish_171005_x64_bmi2"]
[BlackEngine "Houdini 6"]
[EventType "Swiss"]
[WhiteTeam ""]
[BlackTeam ""]
[PlyCount "256"]
[TimeControl "720+1"]

1. e4 e5 2. Nf3 Nc6 3. Bc4 Nf6 4. Ng5 d5 5. exd5 Na5 6. Bb5+ c6 7. dxc6 bxc6 
8. Be2 h6 9. Nh3 Bc5 10. Nc3 Qc7 11. d3 Nb7 12. O-O O-O 13. Kh1 Bd4 14. Ng1 Nd6 
15. Nf3 Re8 16. Nxd4 exd4 17. Na4 Nf5 18. Bd2 Nh4 19. b4 Bf5 20. a3 Qd6 
21. Bf3 Nd7 22. Nb2 Nb6 23. a4 Rad8 24. Rg1 Qf6 25. a5 Nd7 26. Bg4 c5 
27. bxc5 Ne5 28. Bxf5 Qxf5 29. f3 Qc8 30. Na4 Qc6 31. Bf4 Neg6 32. Bd2 Nf5 
33. a6 h5 34. f4 Ngh4 35. Qf1 Ne3 36. Bxe3 dxe3 37. Qe1 Nf5 38. Nc3 Qxc5 
39. Ra2 Qc7 40. Ne2 Nd4 41. Rf1 Rd6 42. h3 Nxc2 43. Qb1 Nd4 44. Qb7 Qe7 
45. Qxe7 Rxe7 46. Rb1 h4 47. Rb7 Kf8 48. Nxd4 Rxd4 49. f5 Rxd3 50. Re2 Ra3 
51. Kh2 Re5 52. Rxa7 Rxf5 53. Ra8+ Ke7 54. a7 Rfa5 55. Rh8 g5 56. a8=Q Rxa8 
57. Rxa8 Rxa8 58. Rxe3+ Kf6 59. g4 hxg3+ 60. Kxg3 Ra4 61. Rc3 Rh4 62. Rc6+ Kf5 
63. Rb6 Re4 64. Kf3 Rd4 65. Rb5+ Kf6 66. Rb8 Kg6 67. Rb6+ f6 68. Kg3 Rh4 
69. Rb1 Re4 70. Rb6 Ra4 71. Kf3 Ra5 72. Kg4 Ra3 73. Rc6 Rb3 74. Ra6 Rd3 
75. Rc6 Ra3 76. Rb6 Ra1 77. Kg3 Rd1 78. Kf2 Rd2+ 79. Kf3 Rd3+ 80. Kg2 Re3 
81. Rb8 Re5 82. h4 g4 83. Kg3 f5 84. Rg8+ Kf7 85. Rh8 Re3+ 86. Kf4 Rf3+ 
87. Ke5 g3 88. Rh5 Kg7 89. Rg5+ Kh6 90. Kf6 f4 91. Rg6+ Kh7 92. Rg7+ Kh8 
93. Kg6 g2 94. Kh6 Rg3 95. h5 Rg6+ 96. hxg6 g1=Q 97. Rh7+ Kg8 98. Rg7+ Kf8 
99. Rf7+ Ke8 100. Kg7 Qd4+ 101. Kg8 Qd5 102. Kg7 f3 103. Rf8+ Kd7 104. Rf7+ Kc6 
105. Rf6+ Kb5 106. Rf8 Qd4+ 107. Kg8 f2 108. g7 Qh4 109. Rf5+ Kc4 110. Rf3 Kd4 
111. Rf7 Ke3 112. Rf8 Qh5 113. Rf6 Qh3 114. Rf8 f1=Q 115. Re8+ Kd2 116. Rd8+ Kc1 
117. Rd1+ Qxd1 118. Kf7 Qc3 119. g8=N Qcb3+ 120. Ke7 Qxg8 121. Kf6 Qg6+ 
122. Kxg6 Qd6+ 123. Kf7 Kc2 124. Kg7 Kd3 125. Kh8 Qg3 126. Kh7 Kd4 127. Kh6 Ke5 
128. Kh7 Kf6 0-1

[Event "Saturday Night Engine Tour 7 Rd Swiss 12m+1s Starts at 2200hrs ST"]
[Site "Infinity Chess"]
[Date "2018.1.6"]
[Round "1"]
[White "MarioDeMonti"]
[Black "Deep_Impact"]
[Result "1/2-1/2"]
[ECO "C50"]
[WhiteElo "2435"]
[BlackElo "2507"]
[WhiteEngine "stockfish_x64_bmi2_2017_12_26_CTG"]
[BlackEngine "BrainFish_171226_x64_modern"]
[EventType "Swiss"]
[WhiteTeam ""]
[BlackTeam ""]
[PlyCount "70"]
[TimeControl "720+1"]

1. e4 e5 2. Nf3 Nc6 3. Bc4 Bc5 4. O-O Nf6 5. d3 d6 6. c3 a5 7. Re1 Ba7 
8. Nbd2 O-O 9. h3 h6 10. Nf1 Be6 11. Bb5 Ne7 12. Ba4 Ng6 13. Ng3 d5 
14. exd5 Nxd5 15. Nh5 c6 16. a3 Re8 17. Bc2 Bf5 18. Ng3 Bd7 19. d4 exd4 
20. Rxe8+ Bxe8 21. Nxd4 Bd7 22. Bd2 Bxd4 23. cxd4 Qf6 24. Be4 Qxd4 25. Qc2 Ne5 
26. Bxd5 cxd5 27. Bc3 Qc5 28. Qd2 Nc6 29. Ne4 dxe4 30. Qxd7 e3 31. fxe3 Qxe3+ 
32. Kh2 Qf4+ 33. Kg1 Qe3+ 34. Kh2 Qf4+ 35. Kg1 Qe3+ 1/2-1/2

[Event "Saturday Night Engine Tour 7 Rd Swiss 12m+1s Starts at 2200hrs ST"]
[Site "Infinity Chess"]
[Date "2018.1.6"]
[Round "1"]
[White "Victorious"]
[Black "KULLANI"]
[Result "1/2-1/2"]
[ECO "D31"]
[WhiteElo "2512"]
[BlackElo "2441"]
[WhiteEngine "Houdini 6"]
[BlackEngine "Raubfisch ME262_GTZ16b1._CTG"]
[EventType "Swiss"]
[WhiteTeam ""]
[BlackTeam ""]
[PlyCount "83"]
[TimeControl "720+1"]

1. d4 d5 2. c4 e6 3. Nc3 c6 4. Nf3 Nf6 5. e3 Nbd7 6. Bd3 dxc4 7. Bxc4 b5 
8. Bd3 Bb7 9. a3 Bd6 10. Bd2 O-O 11. O-O a5 12. Qc2 b4 13. axb4 axb4 14. Na4 c5 
15. dxc5 Bxf3 16. cxd6 Ne5 17. gxf3 Rc8 18. Qd1 Nxd3 19. Bc3 bxc3 20. Qxd3 cxb2 
21. Nxb2 Nd7 22. Rfc1 Qg5+ 23. Kh1 Qf6 24. Qe2 e5 25. Nc4 Rfd8 26. Ra7 Nb6 
27. Rc7 Nxc4 28. R1xc4 Ra8 29. Qd1 Rxd6 30. Rc8+ Rd8 31. Qxd8+ Qxd8 
32. Rxd8+ Rxd8 33. h4 g6 34. h5 Kg7 35. hxg6 Kxg6 36. Rg4+ Kf6 37. f4 exf4 
38. Rxf4+ Kg7 39. Rg4+ Kf6 40. Rf4+ Kg7 41. Rg4+ Kf6 42. Rf4+ 1/2-1/2